AoeStats
← ivcrk826

Nomad

509372303Analyzed
3v3 RM · 5d ago on Sep 26, 2026· 49m 0s· 6 players
Game mode
Random Map
Map size
210×210
Population
200
Speed
Normal
Resources
Standard
Victory
Conquest
Starting age
Dark Age
Ending age
Imperial Age
RankedLock teamsTeams togetherTeam positionsShared explorationLock speedFull tech treeHidden civsTurbo modeCheats
Victory
Defeat
🇫🇷 Vietnamese · France
1399
+17
🇦🇷 Chinese · Argentina
1378
+18
🇻🇳 Saxons · Vietnam
1337
+20
🇺🇸 Malay · United States
1551
-23
🇺🇸 Vietnamese · United States
1444
-19
🇺🇸 Vikings · United States
1284
-13
ivcrk826
2:58 Loom
12:33 Feudal Age
13:20 Double-Bit Axe
14:20 Fletching
22:50 Castle Age
23:46 Medium Warships
23:48 Bodkin Arrow
24:29 Bow Saw
36:41 Imperial Age
37:11 Scale Barding Armor
36:57 Fishing Lines
36:58 Capped Ram
38:28 Conscription
38:22 Forging
38:31 Gold Mining
38:05 Light Cavalry
39:20 Chain Barding Armor
38:39 Siege Ram
39:33 Bloodlines
40:38 Plate Barding Armor
40:42 Cavalier
42:49 Pikeman
45:45 Gold Shaft Mining
46:53 Two-Man Saw
48:03 Iron Casting
48:30 Husbandry
TARBA-BAR
6:18 Loom
14:56 Feudal Age
16:39 Double-Bit Axe
19:26 Castle Age
19:31 Fletching
21:25 Bow Saw
21:40 Bodkin Arrow
21:46 Padded Archer Armor
22:36 Wheelbarrow
24:59 Horse Collar
27:36 Hand Cart
29:28 Leather Archer Armor
32:19 Imperial Age
29:56 Gold Mining
31:26 Ballistics
32:28 Thumb Ring
34:33 Chemistry
33:37 Bracer
34:40 Ring Archer Armor
35:25 Elite Rattan Archer
40:22 Paper Money
bina
4:49 Loom
12:52 Feudal Age
13:33 Double-Bit Axe
18:07 Castle Age
16:24 Fishing Lines
17:09 Fletching
17:43 Gold Mining
18:08 Padded Archer Armor
19:00 Bodkin Arrow
20:15 Wheelbarrow
20:45 Bow Saw
21:55 Medium Warships
22:38 Leather Archer Armor
23:02 Stone Mining
24:37 Careening
25:33 Gillnets
30:24 Ballistics
33:07 Imperial Age
31:27 Clerical Recruitment
32:20 Squires
32:05 Gambesons
32:06 Arson
33:02 Hand Cart
32:44 Guard Tower
33:50 Bracer
34:00 Arrowslits
35:09 Scale Mail Armor
35:20 Forging
34:59 Town Watch
36:36 Ring Archer Armor
37:08 Chemistry
36:00 Elite Skirmisher
38:56 Two-Man Saw
38:13 Chain Mail Armor
38:34 Iron Casting
38:54 Keep
37:53 Imperial Skirmisher
39:46 Plate Mail Armor
38:53 Elite Longship
39:45 Treadmill Crane
40:36 Elite Hearth Troop
41:22 Sappers
43:56 Shield Wall
45:55 Conscription
Cale94
4:50 Loom
13:25 Feudal Age
17:39 Castle Age
17:14 Fletching
19:00 Double-Bit Axe
21:14 Padded Archer Armor
21:33 Medium Warships
24:26 Stone Mining
25:01 Town Watch
26:27 Horse Collar
27:11 Bodkin Arrow
29:18 Ballistics
30:09 Leather Archer Armor
30:52 Wheelbarrow
39:47 Imperial Age
40:35 Chatras
40:45 Bracer
40:57 Forging
40:52 Scale Barding Armor
42:00 Ring Archer Armor
43:18 Bloodlines
Kyrisser
4:38 Loom
14:28 Feudal Age
15:19 Town Watch
18:38 Castle Age
17:09 Stone Mining
17:12 Double-Bit Axe
19:53 Wheelbarrow
22:29 Thalassocracy
24:23 Fletching
27:30 Ballistics
27:09 Bodkin Arrow
27:02 Horse Collar
29:34 Heavy Plow
29:57 Bow Saw
30:41 Hand Cart
34:28 Imperial Age
32:13 Forging
32:06 Squires
31:57 Arson
32:54 Gold Mining
34:04 Iron Casting
34:46 Conscription
34:18 Elite Karambit Warrior
36:14 Blast Furnace
38:41 Guilds
41:41 Chemistry
CrazyFoxMan
4:23 Loom
12:37 Feudal Age
17:35 Castle Age
16:13 Gold Mining
17:21 Fletching
18:51 Bodkin Arrow
21:34 Fishing Lines
35:18 Imperial Age
Connection lost

Rejoining the realm…

Still unreachable

The connection could not be restored.

Session expired

The server has moved on; the page needs a fresh start.